 Dungeon Crawl Stone Soup version 0.21.0-3-g78d12a8 (webtiles) character file.

111 dobroeutro the Slasher (level 4, -7/35 HPs)
             Began as a Demonspawn Fighter on Jan 9, 2018.
             Killed from afar by an orc wizard (9 damage)
             ... with a magic dart
             ... on level 3 of the Dungeon.
             The game lasted 00:01:33 (1372 turns).

dobroeutro the Slasher (Demonspawn Fighter)         Turns: 1372, Time: 00:01:33

Health: -7/35      AC:  6    Str: 17    XL:     4   Next: 62%
Magic:  4/4        EV:  6    Int: 10    God:
Gold:   99         SH:  8    Dex: 12    Spells: 3/3 levels left

rFire    . . .     SeeInvis .   a - +0 long sword
rCold    . . .     Gourm    .   c - +0 shield
rNeg     . . .     Faith    .   b - +0 scale mail
rPois    .         Spirit   .   (no helmet)
rElec    .         Reflect  .   (no cloak)
rCorr    .         Harm     .   (no gloves)
MR       .....                  (no boots)
Stlth    +.........             (no amulet)
HPRegen  0.11/turn              (no ring)
MPRegen  0.09/turn              (no ring)

@: lethally poisoned (-7 -> -16)
A: hooves 2, nightstalker 1
a: no special abilities


You were on level 3 of the Dungeon.
You were hungry.

You visited 1 branch of the dungeon, and saw 3 of its levels.

You collected 99 gold pieces.

Inventory:

Hand Weapons
 a - a +0 long sword (weapon)
Armour
 b - a +0 scale mail (worn)
 c - a +0 shield (worn)
Jewellery
 l - a cursed -2 ring of protection {unknown}
Scrolls
 e - a scroll of random uselessness {unknown}
 g - 3 scrolls of teleportation {unknown}
 h - a scroll of remove curse {unknown}
 i - 4 scrolls of identify {unknown}
 j - a scroll of immolation {unknown}
 m - 3 scrolls of amnesia {unknown}
Potions
 d - 2 potions of might
 k - a potion of cancellation {unknown}
 n - a potion of degeneration {unknown}
Comestibles
 f - 4 rations


   Skills:
 - Level 3.0 Fighting
 + Level 4.5 Long Blades
 - Level 2.6 Armour
 - Level 2.6 Shields


You had 3 spell levels left.
You didn't know any spells.

Dungeon Overview and Level Annotations

Branches:
Dungeon (3/15)

Altars:


Innate Abilities, Weirdness & Mutations

You have hoof-like feet.
You are slightly more attuned to the shadows.


Message History

* * * LOW HITPOINT WARNING * * *
You hit the adder.
The adder is moderately wounded.
The adder bites you but does no damage.
The orc hits you from afar with a trident.
* * * LOW HITPOINT WARNING * * *
The adder bites you.
* * * LOW HITPOINT WARNING * * *
You are lethally poisoned!
The adder poisons you! The orc wizard hits you with a dagger.
* * * LOW HITPOINT WARNING * * *
Your shield prevents you from hitting the adder.
Your kick misses the adder.
The adder is moderately wounded.
* * * LOW HITPOINT WARNING * * *
You feel sick. The adder bites you but does no damage.
The orc hits you but does no damage. The orc wizard casts a spell at you.
The magic dart hits you!
You die...

#
#.########.####
#....)wS@o.....
.....go###.....
.#####)# ###.
#o# #w# #g# ...
#.#


You could see an orc wizard, an adder, a dart slug, an orc and a hobgoblin.

Vanquished Creatures
  A worker ant (D:2)
  2 adders (D:2)
  An ooze (D:2)
  A dart slug (D:2)
  An orc (D:3)
  A ball python (D:2)
  A giant cockroach (D:1)
  7 goblins
  3 hobgoblins
  14 jackals
  6 kobolds
  A quokka (D:2)
  8 bats
  7 frilled lizards
  7 rats
61 creatures vanquished.

Notes
Turn   | Place    | Note
-------+----------+-------------------------------------------
     0 | D:1      | dobroeutro the Demonspawn Fighter began the quest for the Orb.
     0 | D:1      | Reached XP level 1. HP: 18/18 MP: 1/1
    24 | D:1      | Reached skill level 2 in Long Blades
    50 | D:1      | Gained mutation: You have large cloven feet. [demonic ancestry]
    50 | D:1      | Reached XP level 2. HP: 23/24 MP: 2/2
   216 | D:1      | Reached skill level 3 in Long Blades
   272 | D:1      | Gained mutation: You have hoof-like feet. [demonic ancestry]
   272 | D:1      | Reached XP level 3. HP: 29/29 MP: 3/3
   693 | D:2      | Reached skill level 4 in Long Blades
   693 | D:2      | Gained mutation: You are slightly more attuned to the shadows. [demonic ancestry]
   693 | D:2      | Reached XP level 4. HP: 29/35 MP: 4/4
  1372 | D:3      | Killed from afar by an orc wizard

Skill      XL: |  1  2  3 |
---------------+----------+-----
Long Blades    | 2 3 4 |  4.5
Fighting       | |  3.0
Armour         | |  2.6
Shields        | |  2.6

Action                   |  1- 3 |  4- 6 || total
-------------------------+-------+-------++-------
Melee: Long sword        |    85 |    70 ||   155
       Kick              |    25 |    11 ||    36
  Eat: Chunk             |       |     1 ||     1
Armor: Scale mail        |    48 |    38 ||    86
Dodge: Dodged            |    24 |    21 ||    45
Block: Shield            |    57 |    34 ||    91
       Rpst.: Long sword |     9 |     4 ||    13
